Sharks vs Bruins

Created - October-23-14 at 17:58

Goals
1 2 3 OT1 SO T
Sharks 1 0 3 0 1 5
Bruins 3 1 0 0 0 4
Shots
1 2 3 OT1 SO T
Sharks 7 2 22 2 3 33
Bruins 14 6 8 4 3 32

1st period

1. Bruins , David Krejci 4 (Zach Parise) at 1:22 (PP)
2. Sharks , Viktor Stalberg 1 (Kyle Turris, Tyler Bozak) at 12:25
3. Bruins , Carl Soderberg 4 (Brad Marchand, Ryan Strome) at 16:19
4. Bruins , Brad Marchand 1 (Carl Soderberg, Dougie Hamilton) at 18:46

Penalties :
Matt Beleskey (SJS) for Boarding (Minor) at 0:36, Andrew Ladd (BOS) for Hooking (Minor) at 10:24, Johnny Boychuk (BOS) for Hooking (Minor) at 18:49

2nd period

5. Bruins , Torey Krug 3 (John Carlson, David Krejci) at 1:33 (PP)

Penalties :
Tyler Bozak (SJS) for Roughing (Minor) at 0:45, Cory Sarich (SJS) for Hooking (Minor) at 16:02

3rd period

6. Sharks , Rob Klinkhammer 1 (Drew Stafford, Vyacheslav Voynov) at 1:35
7. Sharks , Matt Niskanen 4 (Vyacheslav Voynov) at 12:40 (PP)
8. Sharks , Kyle Turris 2 (Matt Niskanen) at 16:04

Penalties :
Jay Bouwmeester (BOS) for Hooking (Minor) at 2:45, Johnny Boychuk (BOS) for Tripping (Minor) at 6:35, Reilly Smith (BOS) for Roughing (Minor) at 10:01, Jay Bouwmeester (BOS) for Hooking (Minor) at 12:16

Overtime #1

No Goal

Penalties :
No Penalty

Shootout

Penalty Shot by Tyler Bozak for Sharks - Shot Misses the Net
Penalty Shot by Andrew Ladd for Bruins - Stopped by Jonas Hiller
Penalty Shot by Jannik Hansen for Sharks - Stopped by Niklas Svedberg
Penalty Shot by Zach Parise for Bruins - Shot Misses the Net
Penalty Shot by Kyle Turris for Sharks - Goal!
Penalty Shot by Patrice Bergeron for Bruins - Shot Misses the Net

Penalties :
No Penalty

Goalie Stats

Jonas Hiller (SJS), 16 saves from 16 shots - (1.000), W, 2-1-2, 43:27 minutes
Martin Brodeur (SJS), 12 saves from 16 shots - (0.750), 21:33 minutes
Niklas Svedberg (BOS), 29 saves from 33 shots - (0.879), OTL, 2-0-1, 65:00 minutes

Players Stats for Sharks

Player Name              G  A  P  +/- PIM S  H  SB GA TA FO     MP     PP MP  PK MP  
------------------------------------------------------------------------------------
Andrew Shaw              0  0  0   1  0   1  2  0  0  0  7/14   19:20   4:32   1:17 
Chris Butler             0  0  0   0  0   1  1  0  0  0  0/0     9:19   0:16   0:17 
Cory Sarich              0  0  0   0  2   1  0  0  0  0  0/0    12:27   0:00   0:00 
Drew Stafford            0  1  1   0  0   1  1  0  0  0  0/0    13:07   1:06   0:30 
Jannik Hansen            0  0  0   0  0   1  2  0  0  0  0/0    23:12   4:32   1:55 
Jordan Leopold           0  0  0   0  0   0  1  0  0  0  0/0    22:26   3:56   0:59 
Justin Falk              0  0  0   0  0   0  2  0  0  0  0/0    10:15   0:16   0:59 
Kyle Quincey             0  0  0   0  0   1  1  2  0  0  0/0    16:27   0:00   1:32 
Kyle Turris              1  1  2   1  0   5  0  0  0  0  14/18  19:25   4:38   0:00 
Martin Havlat            0  0  0   0  0   0  0  1  0  0  1/2    19:35   5:28   0:00 
Matt Beleskey            0  0  0   1  2   2  3  0  0  0  1/2    18:46   4:32   0:00 
Matt Niskanen            1  1  2   1  0   6  2  4  0  0  0/0    29:19   6:04   2:14 
Michael Kostka           0  0  0   0  0   5  1  1  0  0  0/0    20:13   3:56   0:59 
Rich Peverley            0  0  0   0  0   1  0  0  0  0  5/16   11:20   0:16   1:03 
Rob Klinkhammer          1  0  1   0  0   2  0  0  0  0  0/0    11:04   0:00   1:03 
Tyler Bozak              0  1  1   0  2   4  2  0  0  0  19/36  24:18   5:43   1:12 
Viktor Stalberg          1  0  1   0  0   1  1  0  0  0  5/6     8:46   0:00   0:00 
Vyacheslav Voynov        0  2  2   1  0   1  4  1  0  0  0/0    27:05   6:04   0:00 

Players Stats for Bruins

Player Name              G  A  P  +/- PIM S  H  SB GA TA FO     MP     PP MP  PK MP  
------------------------------------------------------------------------------------
Andrew Ladd              0  0  0  -2  2   4  1  0  0  0  0/2    18:38   1:30   1:57 
Brad Marchand            1  1  2   2  0   2  2  0  0  0  0/1    15:22   0:00   0:06 
Carl Hagelin             0  0  0   0  0   0  0  0  0  0  0/1    10:33   0:00   7:15 
Carl Soderberg           1  1  2   2  0   5  0  2  0  0  8/11   18:32   1:30   3:15 
David Krejci             1  1  2  -1  0   2  1  0  0  0  7/25   17:27   2:00   0:00 
Dougie Hamilton          0  1  1   1  0   0  0  0  0  0  0/0    13:04   0:48   0:00 
Jakub Voracek            0  0  0  -1  0   1  0  0  0  0  0/4    17:31   2:00   0:00 
Jay Bouwmeester          0  0  0   0  4   2  1  0  0  0  0/0    28:48   0:48   5:48 
John Carlson             0  1  1  -2  0   2  0  0  0  0  0/0    25:30   2:42   6:04 
Johnny Boychuk           0  0  0  -2  4   0  5  0  0  0  0/0    18:44   0:00   2:05 
Matt Bartkowski          0  0  0   1  0   1  3  3  0  0  0/0    20:30   0:00   5:41 
Niklas Kronwall          0  0  0   0  0   1  0  0  0  0  0/0    18:49   0:00   0:54 
Patrice Bergeron         0  0  0  -2  0   6  1  0  0  0  20/37  24:16   0:00   7:59 
Reilly Smith             0  0  0  -2  2   0  0  0  0  0  0/1    15:11   0:00   0:00 
Ryan Spooner             0  0  0   0  0   0  0  0  0  0  1/4     4:48   1:30   0:00 
Ryan Strome              0  1  1   2  0   2  0  0  0  0  1/1    13:47   0:00   0:00 
Torey Krug               1  0  1   0  0   1  0  0  0  0  0/0     4:31   2:42   0:00 
Zach Parise              0  1  1  -1  0   3  1  0  0  0  5/7    23:34   2:00   0:00 

3 Stars

1 - Brad Marchand (BOS)
2 - Matt Niskanen (SJS)
3 - Carl Soderberg (BOS)

Power Play

Sharks - 1 on 6 Attempt(s) - 16.67%
Bruins - 2 on 3 Attempt(s) - 66.67%

Penalty Kill

Sharks - 1 on 3 Attempt(s) - 33.33% - Score 0 goal in Penalty Kill
Bruins - 5 on 6 Attempt(s) - 83.33% - Score 0 goal in Penalty Kill

Official

Referees : Tim Peel and Greg Kimmerly
Linesman : Pierre Racicot and Scott Driscoll

Game Notes

Jonas Hiller enters game at 1:33 of 2nd period

Finance

Level 1 -- Attendance: 4571 (70.32%) -- Ticket Income $502,810
Level 2 -- Attendance: 4727 (94.54%) -- Ticket Income $354,525
Level 3 -- Attendance: 2938 (83.94%) -- Ticket Income $164,528
Level 4 -- Attendance: 1565 (100.00%) -- Ticket Income $62,600
Luxury Box -- Attendance: 935 (93.50%) -- Ticket Income $186,065
Game was played at the TD Garden
Total Attendance: 14736 (83.89%)
Total Ticket Income: $1,270,528
Other Income: $190,579
Total Income: $1,461,107

% Time on Ice - Sharks

Lines # - Real PCT - Wanted PCT - Time Play
Normal Forward
1 - 31% - 33% - 14:07
2 - 29% - 30% - 13:17
3 - 22% - 20% - 10:01
4 - 19% - 17% - 8:46
Normal Defense
1 - 40% - 45% - 18:25
2 - 33% - 35% - 15:18
3 - 27% - 20% - 12:28
4 - 0% - 0% - 0:00
PP Forward
1 - 56% - 60% - 5:44
2 - 44% - 40% - 4:32
PP Defense
1 - 62% - 60% - 6:20
2 - 38% - 40% - 3:56
PK Forward
1 - 70% - 60% - 2:27
2 - 30% - 40% - 1:03
PK Defense
1 - 72% - 60% - 2:31
2 - 28% - 40% - 0:59
PK3 Forward
1 - 0% - 60%
2 - 0% - 40%
PK3 Defense
1 - 0% - 60%
2 - 0% - 40%
44 Forward
1 - 70% - 60% - 3:33
2 - 30% - 40% - 1:30
44 Defense
1 - 51% - 60% - 2:36
2 - 49% - 40% - 2:27
Last Minute Offensive  - 0:00
Last Minute Defensive  - 0:00
Total
Forward - 65:00
Defense - 65:00

% Time on Ice - Bruins

Lines # - Real PCT - Wanted PCT - Time Play
Normal Forward
1 - 33% - 40% - 15:27
2 - 33% - 30% - 15:12
3 - 26% - 20% - 12:14
4 - 7% - 10% - 3:18
Normal Defense
1 - 39% - 40% - 17:55
2 - 31% - 30% - 14:11
3 - 27% - 20% - 12:16
4 - 4% - 10% - 1:49
PP Forward
1 - 57% - 60% - 2:00
2 - 43% - 40% - 1:30
PP Defense
1 - 77% - 60% - 2:42
2 - 23% - 40% - 0:48
PK Forward
1 - 78% - 60% - 8:02
2 - 22% - 40% - 2:14
PK Defense
1 - 59% - 60% - 6:04
2 - 41% - 40% - 4:12
PK3 Forward
1 - 0% - 60%
2 - 0% - 40%
PK3 Defense
1 - 0% - 60%
2 - 0% - 40%
44 Forward
1 - 69% - 60% - 3:30
2 - 31% - 40% - 1:33
44 Defense
1 - 50% - 60% - 2:30
2 - 50% - 40% - 2:33
Last Minute Offensive  - 0:00
Last Minute Defensive  - 0:00
Total
Forward - 65:00
Defense - 65:00

Play by Play

1st period


0:01 of 1st period - Tyler Bozak wins face-off versus David Krejci in neutral zone.
0:34 of 1st period - Icing by Jay Bouwmeester.
0:35 of 1st period - David Krejci wins face-off versus Kyle Turris in Bruins zone.
0:35 of 1st period - Niklas Kronwall is hit by Matt Beleskey and loses puck.
0:36 of 1st period - Minor Penalty to Matt Beleskey for Boarding.
0:37 of 1st period - Ryan Spooner wins face-off versus Tyler Bozak in Sharks zone.
1:16 of 1st period - Shot by Andrew Ladd.
1:16 of 1st period - Stopped by Martin Brodeur with a rebound.
1:18 of 1st period - Shot by John Carlson.
1:18 of 1st period - Shot Misses the Net.
1:20 of 1st period - Shot by Ryan Spooner.
1:20 of 1st period - Deflect By Andrew Ladd.
1:20 of 1st period - Stopped by Martin Brodeur without a rebound.
1:21 of 1st period - Zach Parise wins face-off versus Rich Peverley in Sharks zone.
1:22 of 1st period - Shot by David Krejci.
1:22 of 1st period - Goal by David Krejci - Sharks : 0 - Bruins : 1.
1:23 of 1st period - Kyle Turris wins face-off versus Jakub Voracek in neutral zone.
1:30 of 1st period - Shot by Andrew Shaw.
1:30 of 1st period - Shot Blocked by Matt Bartkowski.
1:32 of 1st period - Shot by Michael Kostka.
1:32 of 1st period - Stopped by Niklas Svedberg with a rebound.
1:34 of 1st period - Shot by Andrew Shaw.
1:34 of 1st period - Shot Misses the Net.
1:36 of 1st period - Shot by Michael Kostka.
1:36 of 1st period - Stopped by Niklas Svedberg without a rebound.
1:37 of 1st period - Patrice Bergeron wins face-off versus Rich Peverley in Bruins zone.
2:14 of 1st period - Icing by Cory Sarich.
2:15 of 1st period - Carl Soderberg wins face-off versus Rich Peverley in Sharks zone.
2:20 of 1st period - Shot by Brad Marchand.
2:20 of 1st period - Shot Misses the Net.
3:38 of 1st period - Shot by Chris Butler.
3:38 of 1st period - Shot Blocked by Matt Bartkowski.
4:39 of 1st period - Shot by Patrice Bergeron.
4:39 of 1st period - Stopped by Martin Brodeur without a rebound.
4:40 of 1st period - Tyler Bozak wins face-off versus Ryan Spooner in Sharks zone.
5:40 of 1st period - Shot by Patrice Bergeron.
5:40 of 1st period - Shot Misses the Net.
5:42 of 1st period - Shot by Reilly Smith.
5:42 of 1st period - Shot Misses the Net.
5:44 of 1st period - Shot by Patrice Bergeron.
5:44 of 1st period - Shot Hit the Post.
5:46 of 1st period - Shot by Andrew Ladd.
5:46 of 1st period - Stopped by Martin Brodeur without a rebound.
5:47 of 1st period - Kyle Turris wins face-off versus Carl Soderberg in Sharks zone.
6:18 of 1st period - Icing by Michael Kostka.
6:19 of 1st period - Patrice Bergeron wins face-off versus Kyle Turris in Sharks zone.
7:00 of 1st period - Shot by Rich Peverley.
7:00 of 1st period - Stopped by Niklas Svedberg without a rebound.
7:01 of 1st period - Viktor Stalberg wins face-off versus David Krejci in Bruins zone.
7:07 of 1st period - Icing by Johnny Boychuk.
7:08 of 1st period - David Krejci wins face-off versus Tyler Bozak in Bruins zone.
8:16 of 1st period - Icing by Jay Bouwmeester.
8:17 of 1st period - Kyle Turris wins face-off versus Patrice Bergeron in Bruins zone.
8:40 of 1st period - Andrew Ladd is hit by Matt Beleskey and loses puck.
9:07 of 1st period - Icing by Matt Beleskey.
9:08 of 1st period - Kyle Turris wins face-off versus Ryan Spooner in Sharks zone.
9:08 of 1st period - Kyle Turris is hit by Matt Bartkowski.
9:13 of 1st period - Andrew Shaw is hit by Matt Bartkowski and loses puck.
9:37 of 1st period - Shot by Zach Parise.
9:37 of 1st period - Deflect By Carl Hagelin.
9:37 of 1st period - Shot Misses the Net.
9:39 of 1st period - Shot by Carl Hagelin.
9:39 of 1st period - Shot Misses the Net.
9:51 of 1st period - Shot by Zach Parise.
9:51 of 1st period - Shot Misses the Net.
10:03 of 1st period - Shot by Carl Soderberg.
10:03 of 1st period - Stopped by Martin Brodeur without a rebound.
10:04 of 1st period - Carl Soderberg wins face-off versus Rich Peverley in Sharks zone.
10:04 of 1st period - Jay Bouwmeester is hit by Vyacheslav Voynov and loses puck.
10:11 of 1st period - Shot by Carl Soderberg.
10:11 of 1st period - Stopped by Martin Brodeur without a rebound.
10:12 of 1st period - Patrice Bergeron wins face-off versus Rich Peverley in Sharks zone.
10:15 of 1st period - Shot by Patrice Bergeron.
10:15 of 1st period - Stopped by Martin Brodeur with a rebound.
10:24 of 1st period - Minor Penalty to Andrew Ladd for Hooking.
10:25 of 1st period - Patrice Bergeron wins face-off versus Tyler Bozak in Bruins zone.
10:25 of 1st period - Patrice Bergeron is hit by Drew Stafford.
12:25 of 1st period - Shot by Viktor Stalberg.
12:25 of 1st period - Goal by Viktor Stalberg - Sharks : 1 - Bruins : 1.
12:26 of 1st period - Viktor Stalberg wins face-off versus David Krejci in neutral zone.
12:29 of 1st period - Zach Parise is hit by Justin Falk and loses puck.
12:39 of 1st period - Dougie Hamilton is hit by Kyle Quincey and loses puck.
14:16 of 1st period - Martin Havlat is hit by Johnny Boychuk and loses puck.
14:24 of 1st period - Tyler Bozak is hit by Johnny Boychuk and loses puck.
14:45 of 1st period - Shot by Patrice Bergeron.
14:45 of 1st period - Shot Blocked by Kyle Quincey.
14:51 of 1st period - Shot by Kyle Turris.
14:51 of 1st period - Shot Misses the Net.
14:53 of 1st period - Shot by Kyle Turris.
14:53 of 1st period - Stopped by Niklas Svedberg without a rebound.
14:54 of 1st period - Viktor Stalberg wins face-off versus Ryan Spooner in Bruins zone.
15:00 of 1st period - Zach Parise is hit by Vyacheslav Voynov and loses puck.
16:08 of 1st period - Matt Bartkowski is hit by Viktor Stalberg and loses puck.
16:13 of 1st period - Shot by Ryan Strome.
16:13 of 1st period - Shot Misses the Net.
16:15 of 1st period - Shot by Brad Marchand.
16:15 of 1st period - Shot Misses the Net.
16:17 of 1st period - Shot by Brad Marchand.
16:17 of 1st period - Shot Misses the Net.
16:19 of 1st period - Shot by Carl Soderberg.
16:19 of 1st period - Goal by Carl Soderberg - Sharks : 1 - Bruins : 2.
16:20 of 1st period - Tyler Bozak wins face-off versus David Krejci in neutral zone.
17:03 of 1st period - Shot by Zach Parise.
17:03 of 1st period - Shot Blocked by Michael Kostka.
17:35 of 1st period - Shot by Patrice Bergeron.
17:35 of 1st period - Shot Misses the Net.
17:37 of 1st period - Shot by Jay Bouwmeester.
17:37 of 1st period - Stopped by Martin Brodeur with a rebound.
17:39 of 1st period - Shot by Reilly Smith.
17:39 of 1st period - Deflect By Patrice Bergeron.
17:39 of 1st period - Stopped by Martin Brodeur with a rebound.
17:55 of 1st period - Shot by Rob Klinkhammer.
17:55 of 1st period - Stopped by Niklas Svedberg with a rebound.
18:44 of 1st period - Shot by Carl Soderberg.
18:44 of 1st period - Stopped by Martin Brodeur with a rebound.
18:46 of 1st period - Shot by Brad Marchand.
18:46 of 1st period - Goal by Brad Marchand - Sharks : 1 - Bruins : 3.
18:47 of 1st period - Matt Beleskey wins face-off versus David Krejci in neutral zone.
18:49 of 1st period - Minor Penalty to Johnny Boychuk for Hooking.
18:50 of 1st period - Patrice Bergeron wins face-off versus Andrew Shaw in Bruins zone.
19:03 of 1st period - Shot by Patrice Bergeron.
19:03 of 1st period - Stopped by Martin Brodeur without a rebound.
19:04 of 1st period - Patrice Bergeron wins face-off versus Tyler Bozak in Sharks zone.
19:28 of 1st period - Off-side.
19:29 of 1st period - Andrew Shaw wins face-off versus Patrice Bergeron in neutral zone.
19:46 of 1st period - Shot by Matt Beleskey.
19:46 of 1st period - Stopped by Niklas Svedberg without a rebound.
19:47 of 1st period - Carl Soderberg wins face-off versus Tyler Bozak in Bruins zone.
Goals for this period are 1 for Sharks vs 3 for Bruins.
Shots for this period are 7 for Sharks vs 14 for Bruins.

2nd period


0:01 of 2nd period - Tyler Bozak wins face-off versus Patrice Bergeron in neutral zone.
0:05 of 2nd period - Matt Niskanen is hit by Jay Bouwmeester and loses puck.
0:08 of 2nd period - Shot by Matt Niskanen.
0:08 of 2nd period - Stopped by Niklas Svedberg without a rebound.
0:09 of 2nd period - Patrice Bergeron wins face-off versus Tyler Bozak in Bruins zone.
0:09 of 2nd period - John Carlson is hit by Tyler Bozak and loses puck.
0:45 of 2nd period - Minor Penalty to Tyler Bozak for Roughing.
0:46 of 2nd period - Zach Parise wins face-off versus Matt Beleskey in Sharks zone.
1:31 of 2nd period - Shot by John Carlson.
1:31 of 2nd period - Stopped by Martin Brodeur with a rebound.
1:33 of 2nd period - Shot by Torey Krug.
1:33 of 2nd period - Goal by Torey Krug - Sharks : 1 - Bruins : 4.
1:33 of 2nd period - Jonas Hiller enters game.
1:34 of 2nd period - Patrice Bergeron wins face-off versus Rich Peverley in neutral zone.
3:46 of 2nd period - Icing by Johnny Boychuk.
3:47 of 2nd period - Kyle Turris wins face-off versus Jakub Voracek in Bruins zone.
3:47 of 2nd period - Kyle Turris is hit by Johnny Boychuk.
4:26 of 2nd period - Shot by David Krejci.
4:26 of 2nd period - Stopped by Jonas Hiller without a rebound.
4:27 of 2nd period - Martin Havlat wins face-off versus Patrice Bergeron in Sharks zone.
4:27 of 2nd period - Matt Niskanen is hit by Andrew Ladd.
5:21 of 2nd period - Icing by Matt Niskanen.
5:22 of 2nd period - Tyler Bozak wins face-off versus David Krejci in Sharks zone.
5:55 of 2nd period - Shot by Matt Beleskey.
5:55 of 2nd period - Shot Misses the Net.
7:07 of 2nd period - Shot by Ryan Strome.
7:07 of 2nd period - Stopped by Jonas Hiller without a rebound.
7:08 of 2nd period - Patrice Bergeron wins face-off versus Tyler Bozak in Sharks zone.
7:13 of 2nd period - Shot by Patrice Bergeron.
7:13 of 2nd period - Shot Misses the Net.
7:44 of 2nd period - Shot by Patrice Bergeron.
7:44 of 2nd period - Shot Blocked by Matt Niskanen.
7:54 of 2nd period - Shot by Reilly Smith.
7:54 of 2nd period - Shot Misses the Net.
7:56 of 2nd period - Shot by Niklas Kronwall.
7:56 of 2nd period - Shot Misses the Net.
8:30 of 2nd period - Johnny Boychuk is hit by Jannik Hansen and loses puck.
9:19 of 2nd period - Shot by Kyle Turris.
9:19 of 2nd period - Deflect By Andrew Shaw.
9:19 of 2nd period - Shot Misses the Net.
9:21 of 2nd period - Shot by Matt Beleskey.
9:21 of 2nd period - Shot Blocked by Carl Soderberg.
9:23 of 2nd period - Shot by Kyle Turris.
9:23 of 2nd period - Shot Misses the Net.
9:34 of 2nd period - Dougie Hamilton is hit by Andrew Shaw and loses puck.
9:46 of 2nd period - Icing by Jordan Leopold.
9:47 of 2nd period - Kyle Turris wins face-off versus Patrice Bergeron in Sharks zone.
10:44 of 2nd period - Shot by Kyle Quincey.
10:44 of 2nd period - Stopped by Niklas Svedberg without a rebound.
10:45 of 2nd period - Viktor Stalberg wins face-off versus David Krejci in Bruins zone.
11:25 of 2nd period - Shot by Johnny Boychuk.
11:25 of 2nd period - Shot Misses the Net.
11:59 of 2nd period - Chris Butler is hit by Brad Marchand and loses puck.
12:54 of 2nd period - Shot by Reilly Smith.
12:54 of 2nd period - Shot Misses the Net.
12:56 of 2nd period - Shot by Jay Bouwmeester.
12:56 of 2nd period - Stopped by Jonas Hiller without a rebound.
12:57 of 2nd period - Kyle Turris wins face-off versus David Krejci in Sharks zone.
13:02 of 2nd period - Matt Beleskey is hit by David Krejci and loses puck.
13:33 of 2nd period - Icing by Johnny Boychuk.
13:34 of 2nd period - Tyler Bozak wins face-off versus David Krejci in Bruins zone.
14:11 of 2nd period - Jay Bouwmeester is hit by Michael Kostka and loses puck.
14:35 of 2nd period - Patrice Bergeron is hit by Jordan Leopold and loses puck.
15:47 of 2nd period - Shot by Zach Parise.
15:47 of 2nd period - Shot Blocked by Kyle Quincey.
15:49 of 2nd period - Shot by John Carlson.
15:49 of 2nd period - Shot Misses the Net.
16:02 of 2nd period - Minor Penalty to Cory Sarich for Hooking.
16:03 of 2nd period - David Krejci wins face-off versus Rich Peverley in Sharks zone.
16:12 of 2nd period - Shot by Jakub Voracek.
16:12 of 2nd period - Shot Misses the Net.
16:20 of 2nd period - Shot by David Krejci.
16:20 of 2nd period - Shot Blocked by Matt Niskanen.
18:11 of 2nd period - Shot by Patrice Bergeron.
18:11 of 2nd period - Stopped by Jonas Hiller without a rebound.
18:12 of 2nd period - Patrice Bergeron wins face-off versus Rich Peverley in Sharks zone.
18:21 of 2nd period - Shot by Andrew Ladd.
18:21 of 2nd period - Shot Misses the Net.
19:39 of 2nd period - Carl Soderberg is hit by Chris Butler and loses puck.
19:45 of 2nd period - Icing by Brad Marchand.
19:46 of 2nd period - Carl Soderberg wins face-off versus Tyler Bozak in Bruins zone.
Goals for this period are 0 for Sharks vs 1 for Bruins.
Shots for this period are 2 for Sharks vs 6 for Bruins.

3rd period


0:01 of 3rd period - Kyle Turris wins face-off versus David Krejci in neutral zone.
0:13 of 3rd period - Jakub Voracek is hit by Matt Beleskey and loses puck.
0:29 of 3rd period - Shot by Zach Parise.
0:29 of 3rd period - Shot Blocked by Matt Niskanen.
0:37 of 3rd period - Shot by Niklas Kronwall.
0:37 of 3rd period - Stopped by Jonas Hiller without a rebound.
0:38 of 3rd period - Patrice Bergeron wins face-off versus Martin Havlat in Sharks zone.
0:59 of 3rd period - Shot by Patrice Bergeron.
0:59 of 3rd period - Shot Blocked by Martin Havlat.
1:07 of 3rd period - Icing by John Carlson.
1:08 of 3rd period - Patrice Bergeron wins face-off versus Rich Peverley in Bruins zone.
1:26 of 3rd period - Rob Klinkhammer is hit by Johnny Boychuk and loses puck.
1:33 of 3rd period - Shot by Drew Stafford.
1:33 of 3rd period - Shot Misses the Net.
1:35 of 3rd period - Shot by Drew Stafford.
1:35 of 3rd period - Deflect By Rob Klinkhammer.
1:35 of 3rd period - Goal by Rob Klinkhammer - Sharks : 2 - Bruins : 4.
1:36 of 3rd period - Kyle Turris wins face-off versus David Krejci in neutral zone.
1:36 of 3rd period - Andrew Shaw is hit by Zach Parise.
1:39 of 3rd period - Icing by Niklas Kronwall.
1:40 of 3rd period - Tyler Bozak wins face-off versus David Krejci in Bruins zone.
2:02 of 3rd period - Icing by Michael Kostka.
2:03 of 3rd period - Tyler Bozak wins face-off versus Brad Marchand in Sharks zone.
2:03 of 3rd period - Tyler Bozak is hit by Brad Marchand.
2:12 of 3rd period - Jannik Hansen is hit by Matt Bartkowski and loses puck.
2:17 of 3rd period - Shot by Tyler Bozak.
2:17 of 3rd period - Stopped by Niklas Svedberg without a rebound.
2:18 of 3rd period - David Krejci wins face-off versus Kyle Turris in Bruins zone.
2:34 of 3rd period - Icing by Jay Bouwmeester.
2:35 of 3rd period - Rich Peverley wins face-off versus Jakub Voracek in Bruins zone.
2:38 of 3rd period - Shot by Drew Stafford.
2:38 of 3rd period - Stopped by Niklas Svedberg without a rebound.
2:39 of 3rd period - Kyle Turris wins face-off versus David Krejci in Bruins zone.
2:45 of 3rd period - Minor Penalty to Jay Bouwmeester for Hooking.
2:46 of 3rd period - Tyler Bozak wins face-off versus Patrice Bergeron in Bruins zone.
3:19 of 3rd period - Shot by Kyle Turris.
3:19 of 3rd period - Stopped by Niklas Svedberg without a rebound.
3:20 of 3rd period - Patrice Bergeron wins face-off versus Andrew Shaw in Bruins zone.
3:44 of 3rd period - Icing by Andrew Shaw.
3:45 of 3rd period - Patrice Bergeron wins face-off versus Andrew Shaw in Sharks zone.
3:51 of 3rd period - Icing by Jordan Leopold.
3:52 of 3rd period - Patrice Bergeron wins face-off versus Andrew Shaw in Sharks zone.
4:11 of 3rd period - Shot by Michael Kostka.
4:11 of 3rd period - Shot Misses the Net.
4:13 of 3rd period - Shot by Matt Beleskey.
4:13 of 3rd period - Shot Misses the Net.
4:15 of 3rd period - Shot by Michael Kostka.
4:15 of 3rd period - Stopped by Niklas Svedberg without a rebound.
4:16 of 3rd period - Tyler Bozak wins face-off versus Patrice Bergeron in Bruins zone.
4:43 of 3rd period - Shot by Matt Niskanen.
4:43 of 3rd period - Stopped by Niklas Svedberg with a rebound.
4:45 of 3rd period - Shot by Kyle Turris.
4:45 of 3rd period - Stopped by Niklas Svedberg without a rebound.
4:46 of 3rd period - Rich Peverley wins face-off versus Jakub Voracek in Bruins zone.
5:51 of 3rd period - Shot by Brad Marchand.
5:51 of 3rd period - Stopped by Jonas Hiller without a rebound.
5:52 of 3rd period - Kyle Turris wins face-off versus Reilly Smith in Sharks zone.
6:03 of 3rd period - Shot by Matt Bartkowski.
6:03 of 3rd period - Stopped by Jonas Hiller without a rebound.
6:04 of 3rd period - Carl Soderberg wins face-off versus Tyler Bozak in Sharks zone.
6:15 of 3rd period - Johnny Boychuk is hit by Tyler Bozak and loses puck.
6:24 of 3rd period - Shot by Tyler Bozak.
6:24 of 3rd period - Stopped by Niklas Svedberg with a rebound.
6:26 of 3rd period - Shot by Tyler Bozak.
6:26 of 3rd period - Shot Misses the Net.
6:31 of 3rd period - Tyler Bozak is hit by Johnny Boychuk and loses puck.
6:35 of 3rd period - Minor Penalty to Johnny Boychuk for Tripping.
6:36 of 3rd period - Andrew Shaw wins face-off versus Carl Hagelin in Bruins zone.
6:37 of 3rd period - Shot by Matt Beleskey.
6:37 of 3rd period - Shot Misses the Net.
6:41 of 3rd period - Shot by Matt Niskanen.
6:41 of 3rd period - Shot Misses the Net.
6:45 of 3rd period - Shot by Andrew Shaw.
6:45 of 3rd period - Stopped by Niklas Svedberg without a rebound.
6:46 of 3rd period - Tyler Bozak wins face-off versus Patrice Bergeron in Bruins zone.
7:01 of 3rd period - Shot by Matt Niskanen.
7:01 of 3rd period - Stopped by Niklas Svedberg without a rebound.
7:02 of 3rd period - Andrew Shaw wins face-off versus Patrice Bergeron in Bruins zone.
7:15 of 3rd period - Shot by Matt Beleskey.
7:15 of 3rd period - Stopped by Niklas Svedberg with a rebound.
7:17 of 3rd period - Shot by Michael Kostka.
7:17 of 3rd period - Stopped by Niklas Svedberg without a rebound.
7:18 of 3rd period - Patrice Bergeron wins face-off versus Tyler Bozak in Bruins zone.
7:24 of 3rd period - Icing by Matt Niskanen.
7:25 of 3rd period - Tyler Bozak wins face-off versus Patrice Bergeron in Sharks zone.
7:25 of 3rd period - Tyler Bozak is hit by Patrice Bergeron.
7:34 of 3rd period - Icing by Matt Niskanen.
7:35 of 3rd period - Patrice Bergeron wins face-off versus Tyler Bozak in Sharks zone.
7:48 of 3rd period - Shot by Matt Niskanen.
7:48 of 3rd period - Stopped by Niklas Svedberg without a rebound.
7:49 of 3rd period - Andrew Shaw wins face-off versus Patrice Bergeron in Bruins zone.
8:19 of 3rd period - Icing by Matt Beleskey.
8:20 of 3rd period - Andrew Shaw wins face-off versus Carl Soderberg in Sharks zone.
9:03 of 3rd period - Shot by Chris Butler.
9:03 of 3rd period - Stopped by Niklas Svedberg without a rebound.
9:04 of 3rd period - Ryan Strome wins face-off versus Rich Peverley in Bruins zone.
9:17 of 3rd period - Shot by Brad Marchand.
9:17 of 3rd period - Deflect By Carl Soderberg.
9:17 of 3rd period - Stopped by Jonas Hiller without a rebound.
9:18 of 3rd period - David Krejci wins face-off versus Tyler Bozak in Sharks zone.
9:21 of 3rd period - Shot by Zach Parise.
9:21 of 3rd period - Shot Blocked by Matt Niskanen.
9:31 of 3rd period - Icing by Vyacheslav Voynov.
9:32 of 3rd period - Tyler Bozak wins face-off versus Patrice Bergeron in Sharks zone.
10:01 of 3rd period - Minor Penalty to Reilly Smith for Roughing.
10:02 of 3rd period - Patrice Bergeron wins face-off versus Andrew Shaw in Bruins zone.
10:15 of 3rd period - Shot by Michael Kostka.
10:15 of 3rd period - Shot Misses the Net.
10:59 of 3rd period - Shot by Kyle Turris.
10:59 of 3rd period - Stopped by Niklas Svedberg without a rebound.
11:00 of 3rd period - Tyler Bozak wins face-off versus Patrice Bergeron in Bruins zone.
11:05 of 3rd period - Shot by Kyle Turris.
11:05 of 3rd period - Shot Misses the Net.
11:54 of 3rd period - Icing by Jordan Leopold.
11:55 of 3rd period - Andrew Shaw wins face-off versus Patrice Bergeron in Sharks zone.
11:57 of 3rd period - Icing by Matt Beleskey.
11:58 of 3rd period - Andrew Shaw wins face-off versus Andrew Ladd in Sharks zone.
12:03 of 3rd period - Shot by Michael Kostka.
12:03 of 3rd period - Stopped by Niklas Svedberg without a rebound.
12:04 of 3rd period - Rich Peverley wins face-off versus David Krejci in Bruins zone.
12:16 of 3rd period - Minor Penalty to Jay Bouwmeester for Hooking.
12:17 of 3rd period - Tyler Bozak wins face-off versus Patrice Bergeron in Bruins zone.
12:18 of 3rd period - Shot by Kyle Turris.
12:18 of 3rd period - Deflect By Tyler Bozak.
12:18 of 3rd period - Shot Misses the Net.
12:20 of 3rd period - Shot by Matt Niskanen.
12:20 of 3rd period - Stopped by Niklas Svedberg with a rebound.
12:22 of 3rd period - Shot by Matt Niskanen.
12:22 of 3rd period - Shot Misses the Net.
12:26 of 3rd period - Shot by Matt Niskanen.
12:26 of 3rd period - Shot Misses the Net.
12:28 of 3rd period - Shot by Vyacheslav Voynov.
12:28 of 3rd period - Stopped by Niklas Svedberg without a rebound.
12:29 of 3rd period - Patrice Bergeron wins face-off versus Andrew Shaw in Bruins zone.
12:40 of 3rd period - Shot by Matt Niskanen.
12:40 of 3rd period - Goal by Matt Niskanen - Sharks : 3 - Bruins : 4.
12:41 of 3rd period - Rich Peverley wins face-off versus David Krejci in neutral zone.
13:17 of 3rd period - Icing by Niklas Kronwall.
13:18 of 3rd period - Kyle Turris wins face-off versus David Krejci in Bruins zone.
13:30 of 3rd period - Jay Bouwmeester is hit by Andrew Shaw and loses puck.
14:12 of 3rd period - Johnny Boychuk is hit by Vyacheslav Voynov and loses puck.
14:23 of 3rd period - Shot by Patrice Bergeron.
14:23 of 3rd period - Shot Blocked by Vyacheslav Voynov.
14:29 of 3rd period - Shot by Patrice Bergeron.
14:29 of 3rd period - Deflect By Andrew Ladd.
14:29 of 3rd period - Stopped by Jonas Hiller without a rebound.
14:30 of 3rd period - Carl Soderberg wins face-off versus Tyler Bozak in Sharks zone.
14:39 of 3rd period - Shot by Tyler Bozak.
14:39 of 3rd period - Deflect By Jannik Hansen.
14:39 of 3rd period - Shot Misses the Net.
14:42 of 3rd period - Icing by Dougie Hamilton.
14:43 of 3rd period - Viktor Stalberg wins face-off versus Carl Soderberg in Bruins zone.
15:01 of 3rd period - Shot by Justin Falk.
15:01 of 3rd period - Shot Blocked by Carl Soderberg.
15:03 of 3rd period - Shot by Kyle Quincey.
15:03 of 3rd period - Shot Blocked by Matt Bartkowski.
15:07 of 3rd period - Shot by Cory Sarich.
15:07 of 3rd period - Stopped by Niklas Svedberg without a rebound.
15:08 of 3rd period - Tyler Bozak wins face-off versus Andrew Ladd in Bruins zone.
15:19 of 3rd period - Shot by Tyler Bozak.
15:19 of 3rd period - Stopped by Niklas Svedberg without a rebound.
15:20 of 3rd period - David Krejci wins face-off versus Rich Peverley in Bruins zone.
15:28 of 3rd period - Icing by Cory Sarich.
15:29 of 3rd period - Rich Peverley wins face-off versus David Krejci in Sharks zone.
15:42 of 3rd period - Shot by Zach Parise.
15:42 of 3rd period - Stopped by Jonas Hiller without a rebound.
15:43 of 3rd period - Kyle Turris wins face-off versus Patrice Bergeron in Sharks zone.
16:04 of 3rd period - Shot by Kyle Turris.
16:04 of 3rd period - Goal by Kyle Turris - Sharks : 4 - Bruins : 4.
16:05 of 3rd period - Zach Parise wins face-off versus Tyler Bozak in neutral zone.
16:07 of 3rd period - Off-side.
16:08 of 3rd period - Tyler Bozak wins face-off versus David Krejci in neutral zone.
16:11 of 3rd period - David Krejci is hit by Jannik Hansen.
16:48 of 3rd period - Shot by Tyler Bozak.
16:48 of 3rd period - Shot Misses the Net.
17:23 of 3rd period - Shot by Patrice Bergeron.
17:23 of 3rd period - Stopped by Jonas Hiller with a rebound.
17:25 of 3rd period - Shot by John Carlson.
17:25 of 3rd period - Stopped by Jonas Hiller without a rebound.
17:26 of 3rd period - Carl Soderberg wins face-off versus Viktor Stalberg in Sharks zone.
17:47 of 3rd period - Dougie Hamilton is hit by Justin Falk and loses puck.
19:04 of 3rd period - Patrice Bergeron is hit by Matt Niskanen.
19:15 of 3rd period - Patrice Bergeron is hit by Matt Niskanen and loses puck.
19:25 of 3rd period - Icing by Matt Niskanen.
19:26 of 3rd period - David Krejci wins face-off versus Andrew Shaw in Sharks zone.
19:26 of 3rd period - David Krejci is hit by Vyacheslav Voynov.
19:28 of 3rd period - Shot by Zach Parise.
19:28 of 3rd period - Shot Misses the Net.
Goals for this period are 3 for Sharks vs 0 for Bruins.
Shots for this period are 22 for Sharks vs 8 for Bruins.

Overtime #1


0:01 of 1st overtime period - Zach Parise wins face-off versus Tyler Bozak in neutral zone.
0:28 of 1st overtime period - Shot by Zach Parise.
0:28 of 1st overtime period - Stopped by Jonas Hiller without a rebound.
0:29 of 1st overtime period - Zach Parise wins face-off versus Tyler Bozak in Sharks zone.
1:32 of 1st overtime period - Shot by Ryan Strome.
1:32 of 1st overtime period - Stopped by Jonas Hiller with a rebound.
2:13 of 1st overtime period - Icing by Matt Bartkowski.
2:14 of 1st overtime period - Kyle Turris wins face-off versus Zach Parise in Bruins zone.
2:35 of 1st overtime period - Shot by Drew Stafford.
2:35 of 1st overtime period - Shot Misses the Net.
2:55 of 1st overtime period - Shot by Drew Stafford.
2:55 of 1st overtime period - Shot Misses the Net.
2:58 of 1st overtime period - Icing by Ryan Strome.
2:59 of 1st overtime period - Carl Soderberg wins face-off versus Kyle Turris in Bruins zone.
3:48 of 1st overtime period - Shot by Zach Parise.
3:48 of 1st overtime period - Shot Misses the Net.
3:52 of 1st overtime period - Shot by Zach Parise.
3:52 of 1st overtime period - Shot Misses the Net.
3:54 of 1st overtime period - Shot by Zach Parise.
3:54 of 1st overtime period - Stopped by Jonas Hiller without a rebound.
3:55 of 1st overtime period - Patrice Bergeron wins face-off versus Tyler Bozak in Sharks zone.
3:58 of 1st overtime period - Shot by Jakub Voracek.
3:58 of 1st overtime period - Stopped by Jonas Hiller without a rebound.
3:59 of 1st overtime period - Tyler Bozak wins face-off versus Zach Parise in Sharks zone.
4:08 of 1st overtime period - Shot by Tyler Bozak.
4:08 of 1st overtime period - Stopped by Niklas Svedberg with a rebound.
4:22 of 1st overtime period - Shot by Jannik Hansen.
4:22 of 1st overtime period - Stopped by Niklas Svedberg without a rebound.
4:23 of 1st overtime period - Tyler Bozak wins face-off versus Patrice Bergeron in Bruins zone.
Goals for this period are 0 for Sharks vs 0 for Bruins.
Shots for this period are 2 for Sharks vs 4 for Bruins.

ShootOut


5:00 of 1st overtime period - Penalty Shot by Tyler Bozak for Sharks.
5:00 of 1st overtime period - Shot Misses the Net.
5:00 of 1st overtime period - Penalty Shot by Andrew Ladd for Bruins.
5:00 of 1st overtime period - Stopped by Jonas Hiller.
5:00 of 1st overtime period - Penalty Shot by Jannik Hansen for Sharks.
5:00 of 1st overtime period - Stopped by Niklas Svedberg.
5:00 of 1st overtime period - Penalty Shot by Zach Parise for Bruins.
5:00 of 1st overtime period - Shot Misses the Net.
5:00 of 1st overtime period - Penalty Shot by Kyle Turris for Sharks.
5:00 of 1st overtime period - Goal by Kyle Turris.
5:00 of 1st overtime period - Penalty Shot by Patrice Bergeron for Bruins.
5:00 of 1st overtime period - Shot Misses the Net.


Output by the SimonT Hockey Simulator (STHS) for Stephane Roy -- Original Page W3C XHTML 1.0 Valid
Hockey Simulator - Hockey Simulation - Hockey Manager